[ AOE2 MATCH · #489071706 ]
UnrankedByzantines vs Vikings
[ REPLAY ANALYSIS · EXTRACTED FROM THE RECORDED GAME ]
Feudal
12:48
Castle
20:03
Imperial
—
| APM avg | 41.1 |
| APM peak | 73 |
| eAPM avg | 21.1 |
| Villagers / military | 59 / 17 |
Focus
⚔️ 22.4% · 🌾 77.6%
Fire Galley ×14 · Unknown (2626) ×13 · Fishing Ship ×7 · Monk ×3
Feudal
13:16
Castle
23:43
Imperial
—
| APM avg | 48.7 |
| APM peak | 106 |
| eAPM avg | 22.8 |
| Villagers / military | 63 / 23 |
Focus
⚔️ 46.6% · 🌾 53.4%
Galley ×23 · Unknown (2626) ×16 · Fishing Ship ×7
Feudal
12:55
Castle
17:02
Imperial
—
| APM avg | 56.1 |
| APM peak | 112 |
| eAPM avg | 26.2 |
| Villagers / military | 49 / 2 |
Focus
⚔️ 45.7% · 🌾 54.3%
Unknown (1968) ×35 · Fishing Ship ×6 · Fire Galley ×2 · Unknown (2626) ×1
Feudal
12:48
Castle
17:34
Imperial
—
| APM avg | 41.5 |
| APM peak | 73 |
| eAPM avg | 22.4 |
| Villagers / military | 69 / 22 |
Focus
⚔️ 29.3% · 🌾 70.7%
Archer ×21 · Fishing Ship ×12 · Spearman ×1
Feudal
13:12
Castle
24:48
Imperial
—
| APM avg | 54.2 |
| APM peak | 89 |
| eAPM avg | 24.5 |
| Villagers / military | 58 / 16 |
Focus
⚔️ 40.4% · 🌾 59.6%
Scout Cavalry ×15 · Fishing Ship ×10 · Spearman ×1
Feudal
13:03
Castle
17:45
Imperial
—
| APM avg | 31.2 |
| APM peak | 59 |
| eAPM avg | 18.9 |
| Villagers / military | 65 / 15 |
Focus
⚔️ 28.7% · 🌾 71.3%
Archer ×15 · Fishing Ship ×12 · Unknown (2626) ×5
Feudal
13:06
Castle
17:57
Imperial
—
| APM avg | 37.2 |
| APM peak | 76 |
| eAPM avg | 15.6 |
| Villagers / military | 51 / 9 |
Focus
⚔️ 22.4% · 🌾 77.6%
Janissary ×9 · Fishing Ship ×3
Feudal
13:20
Castle
17:00
Imperial
—
| APM avg | 44.4 |
| APM peak | 95 |
| eAPM avg | 17.7 |
| Villagers / military | 39 / 19 |
Focus
⚔️ 34.9% · 🌾 65.1%
Camel Archer ×19 · Fishing Ship ×6
Match map
Initial resources + every placement click. Lines = walls · curves = elevation contours. ◆ gold · ⬟ stone · ● berries · ✦ relic · ◌ wall gap
Your base· Open — unwalled flank
Fs.Nicolau Mendes's base· Open — 9t gap
|FMG| TINCHO's base· Open — 15t gap
Fs.Diablo's base· Open — 8t gap
FMG | GreatMaty's base· ✓ Closed at 24:48 · 34t walls · no gate
Fs.Costinha's base· Open — unwalled flank
FMG | Santiago's base· Open — unwalled flank
Fs.Black_'s base· Open — 15t gap
Smoothed initial terrain · ◌ = detected wall gap · hover for details
Inputs per minute
— |FMG| Nadie - - Fs.Nicolau Mendes
Build order — |FMG| Nadie
First 150 of 156 actions detected
| 0:24 | Build | Town Center |
| 1:20 | Build | Dock |
| 1:24 | Build | House |
| 2:43 | Create | Villager (Male) |
| 2:43 | Create | Villager (Male) |
| 2:43 | Create | Villager (Male) |
| 2:44 | Create | Villager (Male) |
| 3:41 | Create | Fishing Ship |
| 4:08 | Build | House |
| 4:12 | Create | Villager (Male) |
| 4:57 | Create | Villager (Male) |
| 5:14 | Create | Fishing Ship |
| 5:19 | Create | Villager (Male) |
| 5:43 | Create | Villager (Male) |
| 5:56 | Create | Fishing Ship |
| 6:09 | Create | Villager (Male) |
| 6:11 | Build | House |
| 6:34 | Create | Villager (Male) |
| 6:46 | Create | Fishing Ship |
| 6:56 | Create | Villager (Male) |
| 7:20 | Create | Villager (Male) |
| 7:25 | Build | House |
| 7:38 | Create | Villager (Male) |
| 7:40 | Create | Fishing Ship |
| 8:12 | Create | Villager (Male) |
| 8:22 | Create | Villager (Male) |
| 8:42 | Build | Mill |
| 8:49 | Build | House |
| 9:00 | Build | House |
| 9:07 | Build | House |
| 9:21 | Create | Villager (Male) |
| 9:33 | Build | House |
| 9:48 | Create | Villager (Male) |
| 10:13 | Create | Villager (Male) |
| 10:23 | Build | Dock |
| 10:38 | Research | Feudal Age |
| 11:07 | Build | Mining Camp |
| 11:46 | Create | Villager (Male) |
| 11:56 | Create | Villager (Male) |
| 12:11 | Create | Villager (Male) |
| 12:36 | Build | House |
| 12:42 | Create | Villager (Male) |
| 12:48 | Age | Feudal Age |
| 12:50 | Build | Market |
| 12:52 | Create | Fire Galley |
| 12:52 | Create | Fire Galley |
| 12:56 | Build | House |
| 13:01 | Create | Villager (Male) |
| 13:11 | Create | Unit 2626 |
| 13:12 | Create | Unit 2626 |
| 13:16 | Create | Villager (Male) |
| 13:56 | Build | House |
| 13:58 | Build | House |
| 14:14 | Create | Unit 2626 |
| 14:22 | Create | Villager (Male) |
| 14:55 | Create | Fire Galley |
| 14:56 | Create | Unit 2626 |
| 14:57 | Create | Villager (Male) |
| 15:24 | Create | Villager (Male) |
| 15:38 | Create | Fire Galley |
| 15:47 | Create | Villager (Male) |
| 16:07 | Create | Villager (Male) |
| 16:12 | Build | Blacksmith |
| 16:16 | Create | Fire Galley |
| 16:36 | Research | Loom |
| 16:40 | Build | Lumber Camp |
| 16:50 | Create | Fire Galley |
| 17:02 | Build | House |
| 17:03 | Research | Castle Age |
| 17:52 | Create | Fire Galley |
| 17:53 | Create | Unit 2626 |
| 17:58 | Build | Dock |
| 18:02 | Research | Double-Bit Axe |
| 18:10 | Build | Lumber Camp |
| 18:28 | Create | Fire Galley |
| 18:32 | Research | Forging |
| 18:37 | Create | Villager (Male) |
| 19:00 | Create | Fire Galley |
| 19:01 | Create | Fire Galley |
| 19:07 | Create | Unit 2626 |
| 19:11 | Build | House |
| 19:19 | Research | Gold Mining |
| 19:47 | Create | Fire Galley |
| 19:56 | Create | Fire Galley |
| 20:03 | Age | Castle Age |
| 20:08 | Research | War Galley (upgrade) |
| 20:19 | Create | Villager (Male) |
| 20:39 | Build | Town Center |
| 20:51 | Create | Villager (Male) |
| 20:52 | Create | Villager (Male) |
| 21:05 | Create | Fire Galley |
| 21:06 | Create | Unit 2626 |
| 21:24 | Research | Bow Saw |
| 22:15 | Create | Unit 2626 |
| 22:15 | Create | Unit 2626 |
| 22:20 | Create | Villager (Male) |
| 22:26 | Build | Town Center |
| 22:29 | Create | Villager (Male) |
| 22:40 | Create | Unit 2626 |
| 23:12 | Research | Iron Casting |
| 23:16 | Build | Monastery |
| 23:17 | Create | Villager (Male) |
| 23:25 | Create | Villager (Male) |
| 23:26 | Create | Villager (Male) |
| 23:29 | Build | Mill |
| 23:48 | Create | Villager (Male) |
| 24:03 | Create | Villager (Male) |
| 24:04 | Create | Villager (Male) |
| 24:06 | Build | Mill |
| 24:14 | Create | Monk |
| 24:14 | Create | Monk |
| 24:21 | Research | Horse Collar |
| 24:22 | Create | Villager (Male) |
| 24:41 | Build | House |
| 24:42 | Build | House |
| 24:42 | Build | House |
| 24:49 | Research | Tech 906 |
| 24:49 | Create | Fishing Ship |
| 24:50 | Create | Fishing Ship |
| 25:23 | Create | Villager (Male) |
| 25:23 | Create | Villager (Male) |
| 25:24 | Create | Villager (Male) |
| 25:28 | Create | Villager (Male) |
| 25:38 | Build | Town Center |
| 25:43 | Build | Farm |
| 25:43 | Build | Farm |
| 25:44 | Build | Farm |
| 25:44 | Build | Farm |
| 25:44 | Build | Farm |
| 25:44 | Build | Farm |
| 25:45 | Build | Farm |
| 25:45 | Build | Farm |
| 25:53 | Build | House |
| 25:54 | Build | House |
| 26:27 | Create | Villager (Male) |
| 26:27 | Create | Villager (Male) |
| 26:28 | Create | Villager (Male) |
| 26:29 | Create | Villager (Male) |
| 26:31 | Build | House |
| 26:31 | Build | House |
| 26:43 | Create | Villager (Male) |
| 26:44 | Create | Villager (Male) |
| 26:49 | Create | Monk |
| 26:58 | Create | Villager (Male) |
| 26:59 | Create | Villager (Male) |
| 27:00 | Create | Villager (Male) |
| 27:08 | Create | Unit 2626 |
| 27:24 | Create | Villager (Male) |
| 27:28 | Build | Dock |
| 27:30 | Create | Unit 2626 |
Build order — Fs.Nicolau Mendes
148 actions detected in the replay
| 0:14 | Build | Town Center |
| 0:31 | Build | Dock |
| 1:02 | Build | Palisade Wall |
| 2:29 | Build | House |
| 2:37 | Research | Loom |
| 2:37 | Create | Villager (Male) ×4 |
| 3:08 | Create | Villager (Male) |
| 3:54 | Create | Fishing Ship |
| 4:22 | Build | House |
| 4:58 | Create | Fishing Ship |
| 5:02 | Create | Villager (Male) |
| 5:19 | Create | Villager (Male) |
| 5:45 | Create | Villager (Male) |
| 5:57 | Create | Fishing Ship |
| 6:23 | Build | House |
| 6:23 | Create | Villager (Male) |
| 6:26 | Create | Villager (Male) |
| 7:03 | Create | Villager (Male) |
| 7:18 | Create | Villager (Male) |
| 7:32 | Create | Villager (Male) |
| 7:35 | Build | House |
| 7:40 | Build | House |
| 7:59 | Create | Villager (Male) |
| 8:15 | Build | House |
| 8:19 | Create | Fishing Ship |
| 8:36 | Create | Villager (Male) |
| 8:40 | Create | Fishing Ship |
| 8:59 | Create | Villager (Male) |
| 9:01 | Create | Fishing Ship |
| 9:07 | Build | House |
| 9:26 | Create | Villager (Male) |
| 9:33 | Create | Villager (Male) ×5 |
| 9:46 | Build | Lumber Camp |
| 9:49 | Create | Villager (Male) |
| 10:30 | Create | Fishing Ship |
| 10:32 | Create | Villager (Male) |
| 11:06 | Research | Feudal Age |
| 11:06 | Research | Feudal Age |
| 11:15 | Build | House |
| 11:35 | Build | Dock |
| 11:43 | Build | House |
| 12:06 | Build | Mining Camp |
| 12:41 | Create | Villager (Male) |
| 13:16 | Age | Feudal Age |
| 13:17 | Research | Double-Bit Axe |
| 13:18 | Create | Galley |
| 13:18 | Create | Galley |
| 13:20 | Create | Villager (Male) |
| 13:23 | Build | Blacksmith |
| 13:30 | Create | Villager (Male) |
| 13:37 | Build | House |
| 13:45 | Build | Mill |
| 13:54 | Create | Galley |
| 13:54 | Create | Galley |
| 14:23 | Create | Galley |
| 14:23 | Create | Galley |
| 14:43 | Create | Galley |
| 14:45 | Research | Fletching |
| 14:46 | Create | Villager (Male) ×5 |
| 14:46 | Create | Villager (Male) |
| 14:49 | Build | House |
| 14:50 | Build | Palisade Wall |
| 15:00 | Create | Galley |
| 15:25 | Create | Villager (Male) |
| 15:38 | Create | Galley |
| 15:40 | Build | House |
| 15:41 | Build | Palisade Wall |
| 16:01 | Create | Unit 2626 |
| 16:01 | Create | Unit 2626 |
| 16:02 | Create | Villager (Male) |
| 16:40 | Create | Villager (Male) |
| 16:41 | Create | Villager (Male) |
| 16:56 | Create | Unit 2626 |
| 16:56 | Create | Unit 2626 |
| 17:07 | Build | Mining Camp |
| 17:56 | Create | Galley |
| 17:57 | Create | Galley |
| 17:57 | Create | Galley |
| 18:20 | Create | Galley |
| 18:20 | Create | Galley |
| 18:30 | Create | Villager (Male) |
| 18:30 | Create | Villager (Male) |
| 19:02 | Create | Villager (Male) |
| 19:17 | Create | Villager (Male) |
| 19:21 | Build | Market |
| 19:48 | Build | Lumber Camp |
| 19:49 | Build | Farm |
| 19:50 | Build | Farm |
| 19:50 | Build | Farm |
| 19:50 | Build | Farm |
| 20:00 | Create | Villager (Male) |
| 20:12 | Build | Farm |
| 20:58 | Create | Villager (Male) |
| 21:03 | Research | Castle Age |
| 21:05 | Build | House |
| 21:57 | Create | Villager (Male) |
| 22:03 | Create | Villager (Male) |
| 22:17 | Research | Gold Mining |
| 23:13 | Create | Villager (Male) |
| 23:15 | Create | Unit 2626 |
| 23:16 | Create | Unit 2626 |
| 23:19 | Create | Villager (Male) |
| 23:36 | Build | Dock |
| 23:43 | Age | Castle Age |
| 23:45 | Create | Unit 2626 |
| 23:47 | Research | War Galley (upgrade) |
| 23:47 | Research | War Galley (upgrade) |
| 23:53 | Research | Bow Saw |
| 23:58 | Create | Villager (Male) |
| 24:16 | Create | Unit 2626 |
| 24:16 | Create | Unit 2626 |
| 24:34 | Create | Villager (Male) |
| 24:38 | Build | Dock |
| 24:48 | Create | Villager (Male) |
| 24:50 | Build | Town Center |
| 25:01 | Create | Unit 2626 |
| 25:01 | Create | Unit 2626 |
| 25:03 | Create | Villager (Male) |
| 25:10 | Build | Dock |
| 25:41 | Create | Galley |
| 25:41 | Create | Galley |
| 25:42 | Create | Villager (Male) |
| 25:51 | Create | Galley |
| 25:51 | Create | Galley |
| 25:52 | Create | Villager (Male) |
| 25:56 | Build | House |
| 26:01 | Create | Villager (Male) |
| 26:01 | Create | Villager (Male) |
| 26:09 | Create | Unit 2626 |
| 26:09 | Create | Unit 2626 |
| 26:10 | Create | Villager (Male) |
| 26:31 | Create | Unit 2626 |
| 26:31 | Create | Unit 2626 |
| 26:32 | Create | Unit 2626 |
| 26:33 | Create | Villager (Male) |
| 26:45 | Build | Dock |
| 26:46 | Create | Villager (Male) |
| 26:51 | Create | Villager (Male) |
| 26:58 | Build | Lumber Camp |
| 27:05 | Create | Galley |
| 27:18 | Create | Galley |
| 27:21 | Create | Villager (Male) |
| 27:21 | Create | Villager (Male) |
| 27:29 | Create | Galley |
| 27:30 | Create | Galley |
| 27:30 | Create | Galley |
| 27:31 | Create | Villager (Male) |
| 27:31 | Create | Villager (Male) |
Build order — |FMG| TINCHO
149 actions detected in the replay
| 0:31 | Build | Town Center |
| 0:57 | Build | Palisade Wall |
| 1:01 | Build | Palisade Wall |
| 1:30 | Build | Dock |
| 2:08 | Build | House |
| 2:46 | Create | Villager (Male) |
| 2:47 | Create | Villager (Male) |
| 2:48 | Create | Villager (Male) |
| 2:48 | Create | Villager (Male) |
| 2:52 | Create | Villager (Male) |
| 3:57 | Create | Fishing Ship |
| 4:14 | Build | House |
| 4:16 | Create | Villager (Male) |
| 5:11 | Create | Fishing Ship |
| 5:14 | Create | Villager (Male) |
| 5:34 | Create | Villager (Male) |
| 5:34 | Create | Villager (Male) |
| 5:40 | Research | Loom |
| 5:40 | Create | Villager (Male) |
| 5:57 | Create | Fishing Ship |
| 6:07 | Create | Villager (Male) |
| 6:10 | Build | House |
| 6:29 | Build | Palisade Wall |
| 6:35 | Build | Palisade Wall |
| 6:36 | Build | Palisade Wall |
| 6:38 | Build | Palisade Wall |
| 6:50 | Create | Villager (Male) |
| 7:24 | Create | Villager (Male) |
| 7:30 | Build | House |
| 7:50 | Create | Villager (Male) |
| 7:54 | Create | Fishing Ship |
| 8:08 | Create | Villager (Male) |
| 8:17 | Create | Villager (Male) |
| 8:26 | Create | Fishing Ship |
| 8:40 | Create | Villager (Male) |
| 8:46 | Create | Villager (Male) |
| 9:09 | Build | Mining Camp |
| 9:13 | Build | House |
| 9:51 | Create | Villager (Male) |
| 9:53 | Create | Fishing Ship |
| 10:11 | Create | Villager (Male) |
| 10:41 | Research | Feudal Age |
| 11:36 | Build | Mill |
| 12:19 | Create | Villager (Male) |
| 12:20 | Create | Villager (Male) |
| 12:55 | Age | Feudal Age |
| 12:56 | Build | Market |
| 12:57 | Build | Blacksmith |
| 13:09 | Create | Unit 2626 |
| 13:16 | Research | Town Watch |
| 13:56 | Build | House |
| 14:10 | Create | Fire Galley |
| 14:10 | Create | Fire Galley |
| 14:22 | Research | Castle Age |
| 14:22 | Research | Castle Age |
| 16:17 | Create | Villager (Male) |
| 16:26 | Build | House |
| 17:02 | Age | Castle Age |
| 17:23 | Build | House |
| 17:38 | Create | Villager (Male) |
| 17:54 | Build | Castle |
| 17:57 | Create | Villager (Male) |
| 18:01 | Build | Lumber Camp |
| 18:21 | Build | House |
| 18:23 | Create | Villager (Male) |
| 18:26 | Build | Mining Camp |
| 18:28 | Research | Double-Bit Axe |
| 18:29 | Create | Villager (Male) |
| 18:56 | Create | Unit 1968 |
| 19:02 | Create | Villager (Male) |
| 19:18 | Research | Fletching |
| 19:20 | Create | Villager (Male) |
| 19:24 | Create | Unit 1968 |
| 19:35 | Create | Villager (Male) |
| 19:41 | Create | Unit 1968 |
| 19:42 | Create | Villager (Male) |
| 19:49 | Create | Unit 1968 |
| 19:51 | Research | Bodkin Arrow |
| 19:51 | Research | Bodkin Arrow |
| 19:58 | Create | Villager (Male) |
| 20:03 | Create | Unit 1968 |
| 20:12 | Create | Unit 1968 |
| 20:24 | Research | Gold Mining |
| 20:35 | Create | Unit 1968 |
| 20:49 | Create | Unit 1968 |
| 21:16 | Create | Unit 1968 |
| 21:19 | Create | Unit 1968 |
| 21:20 | Create | Villager (Male) |
| 21:23 | Create | Unit 1968 |
| 21:35 | Create | Unit 1968 |
| 21:36 | Create | Villager (Male) |
| 21:43 | Research | Bow Saw |
| 21:48 | Create | Unit 1968 |
| 21:53 | Create | Unit 1968 |
| 22:17 | Build | Farm |
| 22:19 | Build | Farm |
| 22:33 | Create | Unit 1968 |
| 22:33 | Create | Villager (Male) |
| 22:46 | Create | Unit 1968 |
| 22:46 | Create | Unit 1968 |
| 22:49 | Create | Unit 1968 |
| 23:05 | Create | Unit 1968 |
| 23:08 | Create | Villager (Male) |
| 23:09 | Create | Villager (Male) |
| 23:19 | Create | Unit 1968 |
| 23:24 | Create | Unit 1968 |
| 23:32 | Create | Unit 1968 |
| 23:34 | Research | Padded Archer Armor |
| 23:47 | Create | Villager (Male) |
| 23:52 | Build | University |
| 23:59 | Create | Unit 1968 |
| 23:59 | Create | Villager (Male) |
| 24:15 | Build | House |
| 24:19 | Build | Farm |
| 24:19 | Build | Farm |
| 24:20 | Build | Farm |
| 24:27 | Create | Villager (Male) |
| 24:51 | Create | Villager (Male) |
| 24:58 | Create | Unit 1968 |
| 25:08 | Research | Ballistics |
| 25:17 | Create | Unit 1968 |
| 25:18 | Create | Villager (Male) |
| 25:22 | Create | Villager (Male) |
| 25:24 | Build | House |
| 25:31 | Create | Unit 1968 |
| 25:37 | Research | Leather Archer Armor |
| 25:43 | Create | Unit 1968 |
| 25:55 | Create | Unit 1968 |
| 25:57 | Create | Villager (Male) |
| 26:08 | Create | Unit 1968 |
| 26:29 | Create | Unit 1968 |
| 26:33 | Create | Unit 1968 |
| 26:40 | Create | Villager (Male) |
| 26:41 | Create | Unit 1968 |
| 26:52 | Create | Unit 1968 |
| 26:57 | Build | House |
| 27:02 | Create | Villager (Male) |
| 27:11 | Build | Farm |
| 27:11 | Build | Farm |
| 27:11 | Build | Farm |
| 27:11 | Build | Farm |
| 27:11 | Build | Farm |
| 27:12 | Build | Farm |
| 27:17 | Create | Unit 1968 |
| 27:17 | Create | Villager (Male) |
| 27:22 | Create | Unit 1968 |
| 27:22 | Create | Villager (Male) |
| 27:39 | Build | Farm |
| 27:53 | Create | Villager (Male) |
Build order — Fs.Diablo
First 150 of 163 actions detected
| 0:15 | Build | Town Center |
| 0:59 | Build | Dock |
| 2:36 | Create | Villager (Male) |
| 2:37 | Create | Villager (Male) |
| 2:39 | Build | House |
| 3:06 | Create | Villager (Male) |
| 3:06 | Create | Villager (Male) |
| 3:34 | Create | Fishing Ship |
| 3:45 | Create | Villager (Male) |
| 4:04 | Build | House |
| 4:41 | Create | Fishing Ship |
| 4:45 | Research | Loom |
| 5:00 | Create | Villager (Male) |
| 5:01 | Create | Villager (Male) |
| 5:28 | Create | Fishing Ship |
| 5:38 | Create | Villager (Male) |
| 6:01 | Create | Villager (Male) |
| 6:12 | Build | House |
| 6:22 | Create | Villager (Male) |
| 6:29 | Create | Fishing Ship |
| 6:46 | Create | Villager (Male) |
| 6:59 | Create | Fishing Ship |
| 7:01 | Create | Villager (Male) |
| 7:15 | Create | Villager (Male) |
| 7:34 | Build | House |
| 7:41 | Build | House |
| 7:51 | Create | Fishing Ship |
| 7:52 | Create | Villager (Male) |
| 8:11 | Create | Villager (Male) |
| 8:12 | Create | Villager (Male) |
| 8:12 | Create | Villager (Male) |
| 8:23 | Build | House |
| 8:27 | Create | Villager (Male) |
| 8:36 | Create | Fishing Ship |
| 8:52 | Create | Villager (Male) |
| 8:52 | Create | Villager (Male) |
| 9:15 | Create | Fishing Ship |
| 10:00 | Build | Mining Camp |
| 10:26 | Create | Fishing Ship |
| 10:34 | Research | Feudal Age |
| 11:15 | Build | House |
| 11:27 | Build | Dock |
| 11:33 | Create | Fishing Ship |
| 11:38 | Build | House |
| 12:07 | Create | Fishing Ship |
| 12:11 | Create | Villager (Male) |
| 12:25 | Build | Mill |
| 12:48 | Age | Feudal Age |
| 12:52 | Create | Villager (Male) |
| 13:15 | Build | Market |
| 13:19 | Create | Villager (Male) |
| 13:51 | Build | Blacksmith |
| 13:56 | Build | Palisade Wall |
| 14:05 | Build | Palisade Gate |
| 14:06 | Build | Palisade Wall |
| 14:12 | Create | Villager (Male) |
| 14:17 | Create | Fishing Ship |
| 14:54 | Research | Castle Age |
| 14:59 | Build | Barracks |
| 15:02 | Build | Palisade Wall |
| 15:12 | Build | Lumber Camp |
| 15:41 | Build | Palisade Wall |
| 15:45 | Research | Double-Bit Axe |
| 16:01 | Build | Archery Range |
| 16:06 | Create | Villager (Male) |
| 16:07 | Create | Villager (Male) |
| 16:22 | Research | Fletching |
| 16:43 | Build | Archery Range |
| 16:45 | Create | Spearman |
| 16:48 | Create | Archer |
| 16:51 | Build | House |
| 16:57 | Create | Archer |
| 17:31 | Create | Archer |
| 17:31 | Create | Archer |
| 17:32 | Create | Archer |
| 17:34 | Age | Castle Age |
| 17:44 | Research | Crossbowman (upgrade) |
| 17:46 | Create | Villager (Male) |
| 17:46 | Create | Villager (Male) |
| 17:54 | Create | Archer |
| 17:58 | Create | Villager (Male) |
| 18:26 | Build | Town Center |
| 18:42 | Build | House |
| 18:48 | Build | House |
| 18:58 | Research | Wheelbarrow |
| 19:04 | Build | House |
| 19:06 | Build | House |
| 19:29 | Build | Palisade Wall |
| 19:31 | Build | Palisade Wall |
| 19:46 | Research | Bow Saw |
| 19:46 | Research | Bow Saw |
| 19:47 | Create | Villager (Male) |
| 19:47 | Create | Villager (Male) |
| 19:52 | Create | Archer |
| 19:53 | Create | Archer |
| 20:10 | Create | Villager (Male) |
| 20:18 | Build | Town Center |
| 20:32 | Research | Bodkin Arrow |
| 20:48 | Create | Archer |
| 20:48 | Create | Archer |
| 20:55 | Create | Villager (Male) |
| 20:55 | Create | Villager (Male) |
| 21:08 | Create | Villager (Male) |
| 21:12 | Create | Villager (Male) |
| 21:26 | Research | Padded Archer Armor |
| 21:36 | Create | Villager (Male) |
| 21:36 | Create | Villager (Male) |
| 21:44 | Create | Villager (Male) |
| 21:45 | Create | Villager (Male) |
| 21:45 | Create | Villager (Male) |
| 21:46 | Create | Archer |
| 21:46 | Create | Archer |
| 21:58 | Create | Villager (Male) |
| 22:03 | Create | Villager (Male) |
| 22:06 | Create | Villager (Male) |
| 22:06 | Create | Villager (Male) |
| 22:10 | Create | Archer |
| 22:11 | Create | Archer |
| 22:12 | Create | Villager (Male) |
| 22:27 | Create | Villager (Male) |
| 22:27 | Create | Villager (Male) |
| 22:28 | Create | Villager (Male) |
| 22:33 | Create | Archer |
| 22:33 | Create | Archer |
| 22:40 | Create | Villager (Male) |
| 23:07 | Create | Villager (Male) |
| 23:08 | Create | Villager (Male) |
| 23:29 | Create | Villager (Male) |
| 23:30 | Create | Villager (Male) |
| 23:30 | Create | Villager (Male) |
| 23:39 | Create | Villager (Male) |
| 23:39 | Create | Villager (Male) |
| 23:46 | Create | Archer |
| 23:58 | Create | Villager (Male) |
| 24:11 | Create | Archer |
| 24:11 | Create | Archer |
| 24:11 | Create | Archer |
| 24:31 | Create | Villager (Male) |
| 24:31 | Create | Villager (Male) |
| 24:39 | Create | Villager (Male) |
| 24:46 | Build | House |
| 24:46 | Build | House |
| 24:59 | Create | Villager (Male) |
| 25:01 | Create | Villager (Male) |
| 25:09 | Build | House |
| 25:28 | Build | University |
| 25:34 | Build | Dock |
| 25:36 | Create | Villager (Male) |
| 25:36 | Create | Villager (Male) |
| 25:36 | Create | Villager (Male) |
Build order — FMG | GreatMaty
First 150 of 179 actions detected
| 0:16 | Build | Town Center |
| 1:15 | Build | Dock |
| 2:31 | Build | House |
| 2:37 | Create | Villager (Male) |
| 2:37 | Create | Villager (Male) |
| 2:38 | Create | Villager (Male) |
| 2:38 | Create | Villager (Male) |
| 2:38 | Create | Villager (Male) |
| 3:47 | Create | Villager (Male) |
| 3:47 | Create | Villager (Male) |
| 4:36 | Build | House |
| 4:47 | Build | House |
| 4:52 | Create | Villager (Male) |
| 4:56 | Build | House |
| 4:59 | Build | House |
| 5:13 | Build | House |
| 5:21 | Create | Villager (Male) |
| 5:25 | Build | House |
| 5:47 | Create | Villager (Male) |
| 5:47 | Create | Villager (Male) |
| 6:02 | Create | Fishing Ship |
| 6:08 | Create | Villager (Male) |
| 6:16 | Build | House |
| 6:35 | Create | Villager (Male) |
| 6:48 | Create | Fishing Ship |
| 6:59 | Create | Villager (Male) |
| 7:22 | Create | Villager (Male) |
| 7:41 | Create | Villager (Male) |
| 7:51 | Create | Fishing Ship |
| 7:54 | Build | House |
| 8:18 | Build | House |
| 8:23 | Create | Villager (Male) |
| 8:29 | Build | House |
| 8:32 | Create | Villager (Male) |
| 8:32 | Create | Villager (Male) |
| 8:45 | Build | House |
| 9:01 | Create | Villager (Male) |
| 9:02 | Create | Fishing Ship |
| 9:09 | Build | House |
| 9:25 | Create | Fishing Ship |
| 9:29 | Create | Villager (Male) |
| 9:42 | Build | Mill |
| 9:49 | Create | Fishing Ship |
| 9:53 | Build | House |
| 9:56 | Create | Villager (Male) |
| 10:18 | Research | Loom |
| 11:02 | Research | Feudal Age |
| 11:02 | Research | Feudal Age |
| 11:29 | Build | Mill |
| 11:47 | Build | Palisade Wall |
| 12:03 | Build | Barracks |
| 12:51 | Create | Villager (Male) |
| 13:12 | Age | Feudal Age |
| 13:15 | Build | Stable |
| 13:23 | Build | Lumber Camp |
| 13:28 | Create | Villager (Male) |
| 13:47 | Create | Spearman |
| 13:49 | Create | Villager (Male) |
| 13:55 | Create | Scout Cavalry |
| 13:55 | Create | Scout Cavalry |
| 14:03 | Research | Double-Bit Axe |
| 14:08 | Create | Villager (Male) |
| 14:15 | Build | House |
| 14:22 | Create | Scout Cavalry |
| 14:23 | Create | Villager (Male) |
| 14:52 | Build | House |
| 15:02 | Create | Villager (Male) |
| 15:10 | Build | Watch Tower |
| 15:21 | Build | Blacksmith |
| 15:29 | Create | Villager (Male) |
| 15:55 | Create | Scout Cavalry |
| 15:58 | Research | Forging |
| 15:59 | Create | Villager (Male) |
| 16:05 | Build | Stable |
| 16:22 | Create | Villager (Male) |
| 16:33 | Create | Villager (Male) |
| 16:34 | Create | Scout Cavalry |
| 16:40 | Build | House |
| 16:46 | Build | Palisade Wall |
| 16:47 | Build | Palisade Wall |
| 16:53 | Build | Mining Camp |
| 17:03 | Create | Villager (Male) |
| 17:06 | Create | Scout Cavalry |
| 17:26 | Build | Pasture |
| 17:28 | Build | Pasture |
| 17:40 | Create | Villager (Male) |
| 17:48 | Build | Palisade Wall |
| 17:49 | Build | Palisade Wall |
| 17:50 | Build | Palisade Wall |
| 17:58 | Create | Villager (Male) |
| 17:59 | Create | Scout Cavalry |
| 17:59 | Create | Scout Cavalry |
| 18:02 | Build | Pasture |
| 18:07 | Build | House |
| 18:08 | Build | Palisade Wall |
| 18:09 | Build | Palisade Wall |
| 18:10 | Build | Palisade Wall |
| 18:18 | Create | Villager (Male) |
| 18:54 | Build | House |
| 18:56 | Create | Villager (Male) |
| 19:13 | Build | Mining Camp |
| 19:15 | Create | Villager (Male) |
| 19:17 | Build | Mining Camp |
| 19:24 | Research | Wheelbarrow |
| 19:32 | Build | House |
| 20:21 | Create | Villager (Male) |
| 20:25 | Build | House |
| 20:30 | Build | Lumber Camp |
| 20:45 | Build | House |
| 21:03 | Build | House |
| 21:07 | Create | Scout Cavalry |
| 21:07 | Create | Scout Cavalry |
| 21:11 | Create | Villager (Male) |
| 21:35 | Build | House |
| 21:36 | Build | House |
| 21:37 | Create | Villager (Male) |
| 21:42 | Research | Tech 1014 |
| 22:08 | Research | Castle Age |
| 22:12 | Build | House |
| 22:13 | Build | Palisade Wall |
| 22:17 | Build | Dock |
| 22:19 | Create | Fishing Ship |
| 22:20 | Create | Fishing Ship |
| 22:30 | Build | Watch Tower |
| 22:36 | Build | Watch Tower |
| 23:08 | Create | Scout Cavalry |
| 23:09 | Create | Scout Cavalry |
| 23:11 | Build | Palisade Wall |
| 23:13 | Build | House |
| 23:14 | Build | Stone Wall |
| 23:36 | Create | Fishing Ship |
| 23:36 | Create | Fishing Ship |
| 23:41 | Build | Pasture |
| 23:41 | Build | Pasture |
| 23:42 | Build | Pasture |
| 23:43 | Build | Pasture |
| 23:43 | Build | Pasture |
| 23:49 | Research | Scale Barding Armor |
| 23:49 | Research | Scale Barding Armor |
| 23:52 | Build | House |
| 24:02 | Build | Pasture |
| 24:06 | Create | Scout Cavalry |
| 24:06 | Create | Scout Cavalry |
| 24:22 | Create | Scout Cavalry |
| 24:42 | Build | House |
| 24:48 | Age | Castle Age |
| 24:52 | Research | Light Cavalry (upgrade) |
| 24:53 | Create | Villager (Male) |
| 25:03 | Build | Town Center |
| 25:08 | Build | Town Center |
Build order — Fs.Costinha
First 150 of 196 actions detected
| 0:25 | Build | Town Center |
| 1:11 | Build | Dock |
| 1:15 | Build | House |
| 1:18 | Build | Palisade Wall |
| 1:18 | Build | Palisade Wall |
| 1:19 | Build | Palisade Wall |
| 1:19 | Build | Palisade Wall |
| 2:38 | Create | Villager (Male) |
| 2:38 | Create | Villager (Male) |
| 2:38 | Create | Villager (Male) |
| 2:40 | Create | Villager (Male) |
| 2:41 | Create | Villager (Male) |
| 4:01 | Create | Fishing Ship |
| 4:30 | Research | Loom |
| 4:34 | Create | Villager (Male) |
| 5:01 | Create | Fishing Ship |
| 5:06 | Build | House |
| 5:22 | Create | Villager (Male) |
| 5:41 | Build | House |
| 5:53 | Create | Villager (Male) |
| 6:18 | Create | Fishing Ship |
| 6:31 | Create | Villager (Male) |
| 6:46 | Create | Villager (Male) |
| 7:16 | Create | Villager (Male) |
| 7:29 | Build | House |
| 7:48 | Create | Villager (Male) |
| 7:49 | Create | Villager (Male) |
| 7:53 | Build | House |
| 7:58 | Create | Fishing Ship |
| 8:25 | Create | Villager (Male) |
| 8:58 | Build | Mining Camp |
| 9:01 | Create | Villager (Male) |
| 9:05 | Create | Fishing Ship |
| 9:15 | Create | Villager (Male) |
| 9:37 | Create | Villager (Male) |
| 9:44 | Build | Mill |
| 9:46 | Build | Palisade Wall |
| 10:18 | Create | Villager (Male) |
| 10:53 | Research | Feudal Age |
| 11:15 | Build | Palisade Wall |
| 11:17 | Build | Palisade Wall |
| 11:19 | Build | Palisade Wall |
| 11:22 | Create | Villager (Male) |
| 11:40 | Create | Villager (Male) |
| 12:27 | Create | Villager (Male) |
| 12:33 | Create | Villager (Male) |
| 12:39 | Build | House |
| 12:44 | Build | Palisade Wall |
| 13:03 | Age | Feudal Age |
| 13:11 | Build | Market |
| 13:44 | Build | Blacksmith |
| 13:46 | Build | Palisade Wall |
| 13:48 | Build | Palisade Wall |
| 13:56 | Build | House |
| 14:15 | Create | Villager (Male) |
| 15:06 | Research | Castle Age |
| 15:41 | Build | Dock |
| 15:53 | Research | Tech 906 |
| 15:55 | Create | Fishing Ship |
| 15:55 | Create | Fishing Ship |
| 16:04 | Build | Lumber Camp |
| 16:52 | Research | Double-Bit Axe |
| 17:01 | Build | Mill |
| 17:08 | Build | Barracks |
| 17:13 | Build | Palisade Gate |
| 17:14 | Build | Palisade Wall |
| 17:15 | Build | Palisade Wall |
| 17:35 | Create | Villager (Male) |
| 17:35 | Create | Villager (Male) |
| 17:45 | Build | Palisade Wall |
| 17:45 | Age | Castle Age |
| 17:48 | Build | Palisade Wall |
| 17:49 | Build | Palisade Wall |
| 17:57 | Create | Fishing Ship |
| 18:04 | Research | Gillnets |
| 18:14 | Research | Gillnets |
| 18:18 | Create | Fishing Ship |
| 18:18 | Create | Fishing Ship |
| 18:47 | Create | Villager (Male) |
| 18:50 | Build | House |
| 18:51 | Build | House |
| 18:53 | Research | Bow Saw |
| 19:03 | Create | Villager (Male) |
| 19:04 | Create | Villager (Male) |
| 19:07 | Build | Town Center |
| 19:35 | Build | Archery Range |
| 19:38 | Research | Horse Collar |
| 19:50 | Create | Fishing Ship |
| 19:50 | Create | Fishing Ship |
| 20:09 | Create | Unit 2626 |
| 20:10 | Create | Unit 2626 |
| 20:22 | Build | House |
| 20:23 | Build | House |
| 20:28 | Create | Archer |
| 20:28 | Create | Archer |
| 20:37 | Create | Villager (Male) |
| 20:37 | Create | Villager (Male) |
| 20:37 | Create | Villager (Male) |
| 20:44 | Create | Villager (Male) |
| 20:46 | Build | Mill |
| 21:01 | Create | Villager (Male) |
| 21:26 | Research | War Galley (upgrade) |
| 21:52 | Build | House |
| 21:53 | Build | House |
| 22:00 | Create | Unit 2626 |
| 22:26 | Build | Dock |
| 22:33 | Create | Villager (Male) |
| 22:33 | Create | Villager (Male) |
| 22:33 | Create | Villager (Male) |
| 22:38 | Create | Archer |
| 22:38 | Create | Archer |
| 22:40 | Build | Archery Range |
| 22:42 | Create | Archer |
| 22:42 | Create | Archer |
| 22:43 | Create | Villager (Male) |
| 22:46 | Research | Wheelbarrow |
| 22:47 | Create | Villager (Male) |
| 22:48 | Create | Villager (Male) |
| 22:51 | Build | Farm |
| 22:52 | Build | Farm |
| 22:52 | Build | Farm |
| 22:53 | Build | Farm |
| 22:53 | Build | Farm |
| 22:53 | Build | Farm |
| 22:59 | Create | Villager (Male) |
| 22:59 | Create | Villager (Male) |
| 23:40 | Create | Unit 2626 |
| 23:47 | Create | Unit 2626 |
| 23:55 | Create | Villager (Male) |
| 23:56 | Create | Villager (Male) |
| 23:57 | Build | Farm |
| 23:58 | Build | Farm |
| 23:58 | Build | Farm |
| 24:01 | Create | Villager (Male) |
| 24:01 | Create | Villager (Male) |
| 24:05 | Create | Villager (Male) |
| 24:07 | Create | Villager (Male) |
| 24:07 | Create | Villager (Male) |
| 24:08 | Create | Villager (Male) |
| 24:11 | Research | Fletching |
| 24:12 | Create | Archer |
| 24:12 | Create | Archer |
| 24:38 | Build | House |
| 24:54 | Create | Villager (Male) |
| 24:55 | Create | Villager (Male) |
| 25:01 | Build | Lumber Camp |
| 25:04 | Create | Villager (Male) |
| 25:05 | Create | Archer |
| 25:05 | Create | Archer |
| 25:05 | Create | Archer |
Build order — FMG | Santiago
115 actions detected in the replay
| 0:15 | Build | Town Center |
| 1:17 | Build | Dock |
| 1:19 | Build | House |
| 2:30 | Research | Loom |
| 2:31 | Create | Villager (Male) |
| 2:31 | Create | Villager (Male) |
| 2:31 | Create | Villager (Male) |
| 2:31 | Create | Villager (Male) |
| 4:04 | Build | House |
| 4:25 | Create | Villager (Male) |
| 4:25 | Create | Villager (Male) |
| 5:04 | Create | Villager (Male) |
| 5:48 | Create | Villager (Male) |
| 5:48 | Create | Villager (Male) |
| 5:48 | Create | Villager (Male) |
| 6:28 | Build | House |
| 6:48 | Create | Villager (Male) |
| 6:48 | Create | Villager (Male) |
| 6:49 | Create | Villager (Male) |
| 7:20 | Create | Fishing Ship |
| 7:59 | Create | Villager (Male) |
| 7:59 | Create | Villager (Male) |
| 8:19 | Create | Villager (Male) |
| 8:36 | Create | Villager (Male) |
| 8:42 | Build | House |
| 8:43 | Create | Fishing Ship |
| 9:17 | Create | Villager (Male) |
| 9:26 | Create | Fishing Ship |
| 9:37 | Build | Lumber Camp |
| 9:51 | Create | Villager (Male) |
| 10:15 | Build | Mill |
| 10:19 | Create | Villager (Male) |
| 10:24 | Build | House |
| 10:47 | Build | Outpost |
| 10:49 | Build | Outpost |
| 10:56 | Research | Feudal Age |
| 11:13 | Build | Mining Camp |
| 11:19 | Build | Outpost |
| 11:21 | Build | Outpost |
| 11:44 | Create | Villager (Male) |
| 11:46 | Build | Outpost |
| 11:52 | Build | Outpost |
| 11:53 | Build | Outpost |
| 12:00 | Build | Outpost |
| 12:10 | Build | Outpost |
| 12:19 | Create | Villager (Male) |
| 13:06 | Age | Feudal Age |
| 13:11 | Build | Blacksmith |
| 13:16 | Create | Villager (Male) |
| 13:58 | Build | Market |
| 14:03 | Create | Villager (Male) |
| 14:15 | Build | House |
| 14:39 | Create | Villager (Male) |
| 15:17 | Research | Castle Age |
| 16:01 | Build | Mining Camp |
| 16:57 | Build | Outpost |
| 17:14 | Create | Villager (Male) |
| 17:57 | Age | Castle Age |
| 17:59 | Build | Castle |
| 18:13 | Create | Villager (Male) |
| 18:35 | Build | Mining Camp |
| 18:42 | Create | Villager (Male) |
| 18:43 | Create | Villager (Male) |
| 19:06 | Create | Janissary |
| 19:11 | Create | Villager (Male) |
| 19:18 | Create | Janissary |
| 19:29 | Create | Villager (Male) |
| 19:44 | Create | Janissary |
| 19:45 | Create | Janissary |
| 19:49 | Create | Villager (Male) |
| 20:06 | Create | Janissary |
| 20:14 | Create | Villager (Male) |
| 20:36 | Build | Lumber Camp |
| 20:38 | Create | Villager (Male) |
| 20:58 | Create | Janissary |
| 21:28 | Create | Janissary |
| 21:30 | Create | Villager (Male) |
| 21:55 | Build | Farm |
| 21:57 | Build | Farm |
| 21:59 | Create | Villager (Male) |
| 22:45 | Create | Janissary |
| 22:46 | Create | Janissary |
| 23:04 | Build | Farm |
| 23:07 | Build | Farm |
| 23:07 | Build | Farm |
| 23:28 | Create | Villager (Male) |
| 23:34 | Build | Farm |
| 23:56 | Build | Town Center |
| 24:03 | Create | Villager (Male) |
| 24:34 | Build | Farm |
| 24:37 | Build | Farm |
| 24:57 | Create | Villager (Male) |
| 24:57 | Create | Villager (Male) |
| 25:02 | Build | Farm |
| 25:25 | Create | Villager (Male) |
| 25:28 | Build | Farm |
| 25:30 | Build | Farm |
| 25:41 | Build | Town Center |
| 25:59 | Create | Villager (Male) |
| 26:17 | Create | Villager (Male) |
| 26:25 | Build | Farm |
| 26:26 | Build | Farm |
| 26:26 | Build | Farm |
| 26:26 | Build | Farm |
| 26:26 | Build | Farm |
| 26:29 | Create | Villager (Male) |
| 26:29 | Create | Villager (Male) |
| 26:35 | Create | Villager (Male) |
| 26:36 | Create | Villager (Male) |
| 26:57 | Build | Farm |
| 27:01 | Create | Villager (Male) |
| 27:23 | Create | Villager (Male) |
| 27:23 | Create | Villager (Male) |
| 27:32 | Build | Town Center |
| 27:42 | Create | Villager (Male) |
Build order — Fs.Black_
119 actions detected in the replay
| 1:10 | Build | Town Center |
| 1:28 | Build | Dock |
| 2:26 | Build | House |
| 3:08 | Create | Villager (Male) |
| 3:08 | Create | Villager (Male) |
| 3:09 | Create | Villager (Male) |
| 3:11 | Create | Villager (Male) |
| 3:12 | Create | Villager (Male) |
| 4:34 | Create | Villager (Male) |
| 4:38 | Create | Fishing Ship |
| 5:04 | Build | House |
| 5:08 | Create | Villager (Male) |
| 5:21 | Research | Loom |
| 5:42 | Create | Villager (Male) |
| 5:58 | Create | Fishing Ship |
| 6:24 | Create | Villager (Male) |
| 6:35 | Create | Villager (Male) |
| 6:39 | Build | House |
| 7:02 | Create | Villager (Male) |
| 7:13 | Create | Fishing Ship |
| 7:17 | Create | Villager (Male) |
| 7:40 | Build | House |
| 7:58 | Create | Villager (Male) |
| 8:14 | Build | Palisade Gate |
| 8:18 | Build | Palisade Gate |
| 8:29 | Create | Villager (Male) |
| 8:29 | Create | Villager (Male) |
| 8:40 | Build | Lumber Camp |
| 8:55 | Create | Villager (Male) |
| 8:57 | Create | Villager (Male) |
| 9:28 | Create | Fishing Ship |
| 9:44 | Create | Villager (Male) |
| 10:05 | Create | Villager (Male) |
| 10:18 | Create | Fishing Ship |
| 10:21 | Build | House |
| 10:38 | Create | Villager (Male) |
| 10:49 | Build | Mill |
| 11:10 | Research | Feudal Age |
| 11:27 | Create | Fishing Ship |
| 13:20 | Age | Feudal Age |
| 13:22 | Create | Villager (Male) |
| 13:23 | Create | Villager (Male) |
| 13:24 | Build | Market |
| 13:31 | Build | Blacksmith |
| 13:33 | Build | Palisade Wall |
| 14:20 | Research | Castle Age |
| 14:29 | Build | Mining Camp |
| 14:45 | Build | Palisade Gate |
| 15:12 | Build | Palisade Wall |
| 15:14 | Build | Palisade Wall |
| 15:24 | Build | Palisade Wall |
| 15:25 | Build | Palisade Wall |
| 15:26 | Build | Palisade Wall |
| 15:42 | Build | Palisade Gate |
| 15:43 | Build | Palisade Wall |
| 16:27 | Build | Lumber Camp |
| 16:39 | Build | Palisade Wall |
| 16:40 | Build | Palisade Wall |
| 16:41 | Build | Palisade Wall |
| 16:42 | Build | Palisade Wall |
| 16:43 | Build | Palisade Wall |
| 16:52 | Build | House |
| 16:55 | Build | Palisade Gate |
| 17:00 | Age | Castle Age |
| 17:04 | Create | Villager (Male) |
| 17:08 | Build | House |
| 17:18 | Build | House |
| 17:23 | Build | Palisade Wall |
| 17:26 | Build | Palisade Wall |
| 17:30 | Build | Palisade Wall |
| 17:31 | Create | Villager (Male) |
| 17:43 | Create | Villager (Male) |
| 18:10 | Build | Castle |
| 18:16 | Research | Fletching |
| 18:17 | Create | Villager (Male) |
| 18:56 | Create | Villager (Male) |
| 19:02 | Create | Camel Archer |
| 19:03 | Create | Camel Archer |
| 19:09 | Create | Villager (Male) |
| 19:59 | Create | Camel Archer |
| 20:03 | Research | Bodkin Arrow |
| 20:16 | Create | Villager (Male) |
| 20:32 | Create | Camel Archer |
| 20:32 | Create | Villager (Male) |
| 21:07 | Create | Camel Archer |
| 21:21 | Create | Villager (Male) |
| 21:23 | Create | Camel Archer |
| 21:52 | Create | Camel Archer |
| 21:53 | Create | Villager (Male) |
| 22:10 | Create | Camel Archer |
| 22:34 | Create | Camel Archer |
| 22:52 | Create | Camel Archer |
| 22:54 | Create | Villager (Male) |
| 22:55 | Create | Villager (Male) |
| 23:05 | Create | Camel Archer |
| 23:33 | Create | Villager (Male) |
| 23:47 | Create | Camel Archer |
| 23:52 | Build | Town Center |
| 23:58 | Build | Farm |
| 24:00 | Build | Farm |
| 24:03 | Build | Farm |
| 24:04 | Create | Villager (Male) |
| 24:15 | Create | Camel Archer |
| 24:49 | Build | University |
| 25:16 | Create | Camel Archer |
| 25:19 | Create | Villager (Male) |
| 25:33 | Create | Camel Archer |
| 25:39 | Build | Farm |
| 25:40 | Build | Farm |
| 25:53 | Create | Camel Archer |
| 25:59 | Build | Farm |
| 25:59 | Build | Farm |
| 26:01 | Create | Villager (Male) |
| 26:10 | Create | Camel Archer |
| 26:10 | Create | Camel Archer |
| 26:20 | Build | Farm |
| 26:21 | Build | Farm |
| 26:30 | Create | Camel Archer |
| 27:22 | Create | Villager (Male) |
Match timeline
| 0:31 | Fs.Nicolau Mendes · first_building Dock |
| 0:57 | |FMG| TINCHO · wall_segment Palisade Wall x1 |
| 0:59 | Fs.Diablo · first_building Dock |
| 1:01 | |FMG| TINCHO · wall_segment Palisade Wall x1 |
| 1:02 | Fs.Nicolau Mendes · wall_segment Palisade Wall x1 |
| 1:11 | Fs.Costinha · first_building Dock |
| 1:15 | FMG | GreatMaty · first_building Dock |
| 1:17 | FMG | Santiago · first_building Dock |
| 1:18 | Fs.Costinha · wall_segment Palisade Wall x1 |
| 1:18 | Fs.Costinha · wall_segment Palisade Wall x1 |
| 1:19 | Fs.Costinha · wall_segment Palisade Wall x1 |
| 1:19 | Fs.Costinha · wall_segment Palisade Wall x1 |
| 1:20 | |FMG| Nadie · first_building Dock |
| 1:28 | Fs.Black_ · first_building Dock |
| 1:30 | |FMG| TINCHO · first_building Dock |
| 6:29 | |FMG| TINCHO · wall_segment Palisade Wall x1 |
| 6:35 | |FMG| TINCHO · wall_segment Palisade Wall x1 |
| 6:36 | |FMG| TINCHO · wall_segment Palisade Wall x1 |
| 6:38 | |FMG| TINCHO · wall_segment Palisade Wall x1 |
| 9:46 | Fs.Costinha · wall_segment Palisade Wall x3 |
| 11:15 | Fs.Costinha · wall_segment Palisade Wall x1 |
| 11:17 | Fs.Costinha · wall_segment Palisade Wall x4 |
| 11:19 | Fs.Costinha · wall_segment Palisade Wall x3 |
| 11:47 | FMG | GreatMaty · wall_segment Palisade Wall x1 |
| 12:03 | FMG | GreatMaty · first_building Barracks |
| 12:44 | Fs.Costinha · wall_segment Palisade Wall x5 |
| 12:48 | Fs.Diablo · age_up feudal |
| 12:48 | |FMG| Nadie · age_up feudal |
| 12:55 | |FMG| TINCHO · age_up feudal |
| 13:03 | Fs.Costinha · age_up feudal |
| 13:06 | FMG | Santiago · age_up feudal |
| 13:12 | FMG | GreatMaty · age_up feudal |
| 13:15 | FMG | GreatMaty · first_building Stable |
| 13:16 | Fs.Nicolau Mendes · age_up feudal |
| 13:20 | Fs.Black_ · age_up feudal |
| 13:33 | Fs.Black_ · wall_segment Palisade Wall x1 |
| 13:46 | Fs.Costinha · wall_segment Palisade Wall x5 |
| 13:48 | Fs.Costinha · wall_segment Palisade Wall x7 |
| 13:56 | Fs.Diablo · wall_segment Palisade Wall x6 |
| 14:06 | Fs.Diablo · wall_segment Palisade Wall x1 |
| 14:22 | |FMG| TINCHO · first_market_sell 100 stone |
| 14:50 | Fs.Nicolau Mendes · wall_segment Palisade Wall x1 |
| 14:55 | Fs.Costinha · first_market_buy 100 food |
| 14:59 | Fs.Diablo · first_building Barracks |
| 15:01 | FMG | Santiago · first_market_sell 500 wood |
| 15:02 | Fs.Diablo · wall_segment Palisade Wall x6 |
| 15:03 | Fs.Costinha · first_market_sell 100 wood |
| 15:04 | FMG | Santiago · first_market_buy 100 food |
| 15:12 | Fs.Black_ · wall_segment Palisade Wall x1 |
| 15:14 | Fs.Black_ · wall_segment Palisade Wall x1 |
| 15:24 | Fs.Black_ · wall_segment Palisade Wall x1 |
| 15:25 | Fs.Black_ · wall_segment Palisade Wall x1 |
| 15:26 | Fs.Black_ · wall_segment Palisade Wall x1 |
| 15:41 | Fs.Diablo · wall_segment Palisade Wall x1 |
| 15:41 | Fs.Nicolau Mendes · wall_segment Palisade Wall x1 |
| 15:43 | Fs.Black_ · wall_segment Palisade Wall x1 |
| 15:50 | Fs.Diablo · first_market_buy 100 wood |
| 16:01 | Fs.Diablo · first_building Archery Range |
| 16:39 | Fs.Black_ · wall_segment Palisade Wall x1 |
| 16:40 | Fs.Black_ · wall_segment Palisade Wall x1 |
| 16:41 | Fs.Black_ · wall_segment Palisade Wall x1 |
| 16:42 | Fs.Black_ · wall_segment Palisade Wall x1 |
| 16:43 | Fs.Black_ · wall_segment Palisade Wall x1 |
| 16:46 | FMG | GreatMaty · wall_segment Palisade Wall x2 |
| 16:47 | FMG | GreatMaty · wall_segment Palisade Wall x3 |
| 17:00 | Fs.Black_ · age_up castle |
| 17:02 | |FMG| TINCHO · age_up castle |
| 17:06 | Fs.Black_ · first_market_sell 100 food |
| 17:06 | Fs.Black_ · first_market_buy 100 stone |
| 17:08 | Fs.Costinha · first_building Barracks |
| 17:14 | Fs.Costinha · wall_segment Palisade Wall x2 |
| 17:15 | Fs.Costinha · wall_segment Palisade Wall x6 |
| 17:23 | Fs.Black_ · wall_segment Palisade Wall x1 |
| 17:26 | Fs.Black_ · wall_segment Palisade Wall x1 |
| 17:30 | Fs.Black_ · wall_segment Palisade Wall x1 |
| 17:34 | Fs.Diablo · age_up castle |
| 17:45 | Fs.Costinha · wall_segment Palisade Wall x1 |
| 17:45 | Fs.Costinha · age_up castle |
| 17:48 | FMG | GreatMaty · wall_segment Palisade Wall x1 |
| 17:48 | Fs.Costinha · wall_segment Palisade Wall x1 |
| 17:49 | FMG | GreatMaty · wall_segment Palisade Wall x1 |
| 17:49 | Fs.Costinha · wall_segment Palisade Wall x1 |
| 17:50 | FMG | GreatMaty · wall_segment Palisade Wall x4 |
| 17:54 | |FMG| TINCHO · first_building Castle |
| 17:57 | FMG | Santiago · age_up castle |
| 17:59 | FMG | Santiago · first_building Castle |
| 18:08 | FMG | GreatMaty · wall_segment Palisade Wall x1 |
| 18:09 | FMG | GreatMaty · wall_segment Palisade Wall x5 |
| 18:10 | FMG | GreatMaty · wall_segment Palisade Wall x11 |
| 18:10 | Fs.Black_ · first_building Castle |
| 19:29 | Fs.Diablo · wall_segment Palisade Wall x1 |
| 19:31 | Fs.Diablo · wall_segment Palisade Wall x1 |
| 19:35 | Fs.Costinha · first_building Archery Range |
| 20:03 | |FMG| Nadie · age_up castle |
| 20:30 | Fs.Diablo · first_market_sell 100 food |
| 21:01 | Fs.Nicolau Mendes · first_market_buy 100 food |
| 22:13 | FMG | GreatMaty · wall_segment Palisade Wall x3 |
| 23:11 | FMG | GreatMaty · wall_segment Palisade Wall x1 |
| 23:14 | FMG | GreatMaty · wall_segment Stone Wall x1 |
| 23:16 | |FMG| Nadie · first_building Monastery |
| 23:25 | |FMG| Nadie · first_market_buy 100 food |
| 23:43 | Fs.Nicolau Mendes · age_up castle |
| 24:18 | |FMG| Nadie · first_market_sell 100 wood |
| 24:48 | FMG | GreatMaty · age_up castle |
| 25:20 | FMG | GreatMaty · wall_segment Palisade Wall x1 |
| 25:55 | FMG | GreatMaty · wall_segment Palisade Wall x1 |
| 27:31 | Fs.Black_ · resign |
[ AI ANALYSIS · 1 CREDIT ]
What really happened in this match?
Wolo.gg analyzes every decision: build order, eco, micro, common mistakes by bracket. Personalized analysis on WhatsApp or Discord in 30 seconds.
Civ guide
Byzantines
Perfil
|FMG| Nadie